 Dungeon Crawl Stone Soup version 0.25-a0-413-g3b4b6a4ccc (webtiles) character file.

Game seed: 10720560708972666057, levelgen mode: deterministic

1748 Gargoyl the Agent of Entropy (level 8, -5/67 HPs)
             Began as a Centaur Abyssal Knight on Jan 17, 2020.
             Was a Priest of Lugonu.
             Slain by an orc warrior
             ... wielding a +0 dire flail
              (13 damage)
             ... on level 5 of the Dungeon.
             The game lasted 00:09:19 (6101 turns).

Gargoyl the Agent of Entropy (CeAK)                 Turns: 6101, Time: 00:09:19

Health: -5/67      AC: 14    Str: 16    XL:     8   Next: 78%
Magic:  11/11      EV:  6    Int: 15    God:    Lugonu [***...]
Gold:   27         SH:  4    Dex:  9    Spells: 7/7 levels left

rFire    . . .     SeeInvis .   q - +7 flail of Discord {crush, rElec Str+2 Int+4 Dex-3}
rCold    . . .     Gourm    .   (no shield)
rNeg     + . .     Faith    .   j - +3 chain mail
rPois    +         Spirit   .   (no helmet)
rElec    +         Reflect  +   d - +2 cloak
rCorr    .         Harm     .   (no gloves)
MR       .....                  (no barding)
Stlth    ..........             p - +4 amulet of reflection
HPRegen  0.21/turn              h - ring of positive energy
MPRegen  0.12/turn              n - ring of poison resistance

@: very quick
A: large, hooves 3, deformed body, speed 2, tough skin 3
a: Depart the Abyss, Bend Space, Banish, Renounce Religion


You were on level 5 of the Dungeon.
You worshipped Lugonu.
Lugonu was most pleased with you.
You were not hungry.

You visited 1 branch of the dungeon, and saw 6 of its levels.
You visited the Abyss 1 time.

You collected 231 gold pieces.
You spent 204 gold pieces at shops.

Inventory:

Hand Weapons
 a - a +5 hand axe
 q - the +7 flail of Discord (weapon) {crush, rElec Str+2 Int+4 Dex-3}
   (You bought it in a shop on level 4 of the Dungeon)

   It inflicts extra damage upon your enemies.
   It affects your strength (+2).
   It affects your intelligence (+4).
   It affects your dexterity (-3).
   It insulates you from electricity.
Armour
 d - a +2 cloak (worn)
 j - a +3 chain mail (worn)
Jewellery
 h - a ring of positive energy (left hand)
 n - a ring of poison resistance (right hand)
 p - a +4 amulet of reflection (around neck)
Wands
 e - a wand of acid (4)
 r - a wand of digging (4)
 s - a wand of flame (13)
Scrolls
 g - 3 scrolls of remove curse
 i - 2 scrolls of identify
 t - a scroll of teleportation
 u - 2 scrolls of fear
Potions
 b - a potion of lignification
 f - a potion of mutation {unknown}
 k - 5 potions of curing
 l - a potion of invisibility
 m - 2 potions of might
 o - a potion of ambrosia {unknown}
 v - 2 potions of brilliance {unknown}
Comestibles
 c - 12 rations


   Skills:
 + Level 4.7 Fighting
 + Level 5.0(5.2) Axes
 + Level 2.0(3.7) Maces & Flails
 * Level 4.8 Armour
 * Level 3.5 Dodging
 * Level 5.1 Invocations
 + Level 0.4 Evocations


You had 7 spell levels left.
You didn't know any spells.
Your spell library was empty.

Dungeon Overview and Level Annotations

Branches:
Dungeon (6/15)             Temple (0/1) D:5

Altars:
Elyvilon
Kikubaaqudgha
Nemelex Xobeh
Sif Muna
Wu Jian

Shops:
D:4 (*=(%

Annotations:
D:6 Prince Ribbit


Innate Abilities, Weirdness & Mutations

You have hooves in place of feet.
Armour fits poorly on your strangely shaped body.
You cover ground very quickly.
You have extremely tough skin. (AC +3)


Message History

You closely miss the orc warrior.
You kick the orc warrior, but do no damage.
The orc warrior is moderately wounded.
The orc warrior barely misses you.
You hit the orc warrior but do no damage.
The orc warrior is moderately wounded.
The orc warrior hits you with a +0 dire flail!
The orc warrior barely misses you.
You closely miss the orc warrior.
The orc warrior is lightly wounded.
The orc warrior hits you with a +0 dire flail!
* * * LOW HITPOINT WARNING * * *
You sock the orc warrior! Your kick misses the orc warrior.
The orc warrior is severely wounded.
The orc warrior hits you with a +0 dire flail!
* * * LOW HITPOINT WARNING * * *
You hit the orc warrior.
The orc warrior is severely wounded.
The orc warrior hits you with a +0 dire flail!
You die...

### #.# ### #.# #.# #.# #.# #.#
### #)# #.# ##'######.####
############.######............#
................@oo............#
##.......(...#####[............#
#######.......................#
#.......................#
#.......................# ####
#.......................# ...#
#.......................# ##.#
#)...................p..# ##.#
##.##.#####.............#


You could see an orc warrior and an orc.

Vanquished Creatures
  Pikel (D:5)
  Menkaure (D:4)
  An ice beast (D:5)
  A slave (D:5)
  A phantom (D:4)
  2 ogres
  A centaur (D:5)
  A bullfrog (D:5)
  3 scorpions (D:4)
  A howler monkey (D:4)
  A crimson imp (D:5)
  A hound (D:5)
  An orc priest (D:5)
  A bullfrog skeleton (D:4)
  2 iguanas (D:5)
  An orc wizard (D:5)
  2 worker ants
  A worker ant zombie (D:5)
  10 adders
  A shadow imp (D:5)
  3 oozes
  3 adder skeletons
  A worm (D:4)
  4 dart slugs
  A leopard gecko (D:5)
  10 orcs
  8 bats
  3 giant cockroaches
  17 goblins
  9 hobgoblins
  6 jackals
  3 quokkas
  3 ball pythons
  4 frilled lizards
  5 kobolds
  10 rats
124 creatures vanquished.

Notes
Turn   | Place    | Note
-------+----------+-------------------------------------------
     0 | Abyss:1  | Gargoyl the Centaur Abyssal Knight began the quest for the
                  | Orb.
     0 | Abyss:1  | Reached XP level 1. HP: 19/19 MP: 2/2
    17 | Abyss:1  | Found a corrupted altar of Lugonu.
    58 | Abyss:1  | Noticed a small abomination
    98 | Abyss:2  | Noticed a chaos spawn
    99 | Abyss:2  | Noticed a wretched star
   128 | D:1      | Escaped the Abyss
   355 | D:1      | Reached XP level 2. HP: 26/26 MP: 3/3
   447 | D:1      | Reached * piety under Lugonu
   817 | D:1      | Reached XP level 3. HP: 29/31 MP: 4/4
  1104 | D:2      | Reached skill level 1 in Dodging
  1868 | D:3      | Reached XP level 4. HP: 38/38 MP: 5/5
  1994 | D:3      | Found an ornate altar of the Wu Jian Council.
  2010 | D:3      | Found a white marble altar of Elyvilon.
  2342 | D:3      | Reached ** piety under Lugonu
  2631 | D:3      | Found a shimmering blue altar of Sif Muna.
  2954 | D:3      | Reached XP level 5. HP: 38/46 MP: 7/7
  3297 | D:4      | Noticed an ogre
  3300 | D:4      | Killed an ogre
  3300 | D:4      | Reached XP level 6. HP: 52/52 MP: 8/8
  3328 | D:4      | Found a sparkling altar of Nemelex Xobeh.
  3360 | D:4      | Found Ebboagixt's Food Shop.
  3617 | D:4      | Found Notraedgh's Jewellery Boutique.
  3620 | D:4      | Found Suor's Antique Weapon Boutique.
  3787 | D:4      | Noticed Menkaure
  3791 | D:4      | Killed Menkaure
  4228 | D:4      | Found Xim Ykh's Assorted Antiques.
  4358 | D:4      | Reached XP level 7. HP: 57/59 MP: 9/9
  4639 | D:4      | Found Pynues's Antique Weapon Shoppe.
  4655 | D:5      | Entered Level 5 of the Dungeon
  4655 | D:5      | Found a staircase to the Ecumenical Temple.
  4781 | D:5      | Reached *** piety under Lugonu
  5116 | D:5      | Reached XP level 8. HP: 67/67 MP: 11/11
  5128 | D:5      | Found an ancient bone altar of Kikubaaqudgha.
  5302 | D:4      | Bought a transparent flail for 204 gold pieces
  5302 | D:4      | Identified the +7 flail of Discord {crush, rElec Str+2
                  | Int+4 Dex-3} (You bought it in a shop on level 4 of the
                  | Dungeon)
  5770 | D:6      | Noticed Pikel
  5811 | D:5      | Killed Pikel
  5811 | D:5      | Reached skill level 5 in Axes
  5811 | D:5      | Reached skill level 1 in Maces & Flails
  5811 | D:5      | Reached skill level 5 in Invocations
  6085 | D:6      | Noticed Prince Ribbit
  6101 | D:5      | Slain by an orc warrior

Levels and vault maps discovered:
D:1:      dpeg_arrival_brainrot, layout_basic
D:2:      layout_loops_cross, first_ration, minivault_23
D:3:      kennysheep_the_goblin_king, layout_basic, lemuel_doored_altar,
          nicolae_overflow_crystal_walls, lemuel_crystal_altar
D:4:      minmay_octagon_keep, layout_basic, nemelex_xobeh_ov_fountains_minmay,
          serial_shops, shop, kennysheep_mini_moat, shop, shop, shop,
          patterned_corridor, uniq_menkaure
D:5:      layout_basic, overflow_temple_1_default, minmay_temple_entry_grid
D:6:      layout_cave_pools, makhleb_altar_promises_db, hex_tiny,
          lexackson_kobold_supper, uniq_blork_the_orc, uniq_prince_ribbit1,
          uniq_pikel

Skill      XL: |  1  2  3  4  5  6  7  8 |
---------------+-------------------------+-----
Axes           | 2 3 4 5 |  5.0
Dodging        | 1 2 3 |  3.5
Armour         | 2 3 4 |  4.8
Invocations    | 3 4 5 |  5.1
Fighting       | 4 |  4.7
Maces & Flails | 2 |  2.0
Evocations     | |  0.4

Action                   |  1- 3 |  4- 6 |  7- 9 || total
-------------------------+-------+-------+-------++-------
Melee: Hand axe          |   123 |   153 |    87 ||   363
       Kick              |    15 |    30 |    28 ||    73
       Flail             |       |       |    57 ||    57
Invok: Depart the Abyss  |     1 |       |       ||     1
       Bend Space        |       |       |     1 ||     1
Evoke: Wand              |     1 |     2 |     4 ||     7
  Use: Potion            |     1 |       |       ||     1
       Scroll            |     4 |    11 |     6 ||    21
  Eat: Chunk             |     2 |     6 |     3 ||    11
       Ration            |       |       |     1 ||     1
Armor: Leather armour    |    42 |       |       ||    42
       Chain mail        |    27 |   120 |   104 ||   251
Dodge: Dodged            |    61 |    38 |    30 ||   129
Block: Other             |       |    14 |    27 ||    41

Table legend:
 A = Non-vault XP
 B = Vault XP
 C = Vault XP percentage of total XP
 D = Non-vault monster count
 E = Vault monster count
 F = Vault count percentage of total count
                 A         B        C        D         E       F
            +---------+---------+-------+---------+---------+-------
      Total |    1420 |    1078 |  43.2 |     106 |      17 |  13.8
            +---------+---------+-------+---------+---------+-------
        D:1 |      45 |       2 |   4.3 |      27 |       1 |   3.6
        D:2 |      25 |       0 |   0.0 |      10 |       0 |   0.0
        D:3 |     121 |      13 |   9.7 |      27 |       7 |  20.6
        D:4 |     420 |     422 |  50.1 |      18 |       8 |  30.8
        D:5 |     800 |     641 |  44.5 |      21 |       1 |   4.5
        D:6 |       9 |       0 |   0.0 |       3 |       0 |   0.0
            +---------+---------+-------+---------+---------+-------
